 Dungeon Crawl Stone Soup version 0.22.0 (webtiles) character file.

171 Blackhawk the Charmwright (level 5, 0/43 HPs)
             Began as a Gnoll Skald on Oct 21, 2018.
             Killed from afar by an orc wizard (6 damage)
             ... with a magic dart
             ... on level 4 of the Dungeon.
             The game lasted 00:04:49 (3111 turns).

Blackhawk the Charmwright (Gnoll Skald)             Turns: 3111, Time: 00:04:50

Health: 0/43       AC:  5    Str: 15    XL:     5   Next: 51%
Magic:  12/12      EV: 13    Int: 15    God:
Gold:   135        SH:  0    Dex: 14    Spells: 13/14 levels left

rFire    . . .     SeeInvis .   a - +0 hand axe
rCold    . . .     Gourm    .   (no shield)
rNeg     . . .     Faith    .   q - +0 ring mail
rPois    .         Spirit   .   (no helmet)
rElec    .         Reflect  .   (no cloak)
rCorr    .         Harm     .   (no gloves)
MR       .....                  (no boots)
Stlth    +.........             (no amulet)
HPRegen  0.14/turn              (no ring)
MPRegen  0.13/turn              (no ring)

@: no status effects
A: distributed training, fangs 1, strong nose
a: no special abilities


You were on level 4 of the Dungeon.
You were very hungry.

You visited 1 branch of the dungeon, and saw 4 of its levels.

You collected 135 gold pieces.

Inventory:

Hand Weapons
 a - a +0 hand axe (weapon)
 p - a +0 hunting sling
 r - a +3 hunting sling
Missiles
 g - 56 sling bullets
Armour
 b - a +0 leather armour
 q - a +0 ring mail (worn)
Jewellery
 c - a cursed +4 ring of strength {unknown}
 i - an uncursed ring of flight {unknown}
Scrolls
 e - 5 scrolls of identify {unknown}
 f - a scroll of fear {unknown}
 h - a scroll of amnesia {unknown}
 j - a scroll of remove curse {unknown}
 n - a scroll of magic mapping {unknown}
 o - a scroll of teleportation {unknown}
 u - a scroll of noise {unknown}
Potions
 k - 3 potions of haste
 l - a potion of mutation {unknown}
 m - a potion of heal wounds {unknown}
 t - 2 potions of flight {unknown}
 v - a potion of curing {unknown}
Comestibles
 d - 6 rations


   Skills:
 + Level 4.8 Fighting
 + Level 1.5 Short Blades
 + Level 1.5 Long Blades
 + Level 4.8 Axes
 + Level 1.5 Maces & Flails
 + Level 1.5 Polearms
 + Level 1.5 Staves
 + Level 1.5 Slings
 + Level 1.5 Bows
 + Level 1.5 Crossbows
 + Level 1.5 Throwing
 + Level 3.0 Armour
 + Level 4.8 Dodging
 + Level 1.5 Stealth
 + Level 1.5 Shields
 + Level 1.5 Unarmed Combat
 + Level 5.2 Spellcasting
 + Level 1.2 Conjurations
 + Level 1.2 Hexes
 + Level 5.5 Charms
 + Level 1.2 Summonings
 + Level 1.2 Necromancy
 + Level 1.2 Translocations
 + Level 1.2 Transmutations
 + Level 1.2 Fire Magic
 + Level 1.2 Ice Magic
 + Level 1.2 Air Magic
 + Level 1.2 Earth Magic
 + Level 1.2 Poison Magic
 + Level 1.7 Invocations
 + Level 1.5 Evocations


You had 13 spell levels left.
You knew the following spells:

 Your Spells              Type           Power        Failure   Level  Hunger
a - Infusion              Chrm           ###.         3%          1    None

Your spell library contained the following spells:

 Spells                   Type           Power        Failure   Level  Hunger
 Confuse                  Hex            #.......     50%         3    ###....
 Regeneration             Chrm/Necr      ##........   22%         3    ###....
 Tukima's Dance           Hex            #.......     50%         3    ###....
 Ensorcelled Hibernation  Hex/Ice        #.....       28%         2    ##.....
 Corona                   Hex            #......      19%         1    None
 Shroud of Golubria       Chrm/Tloc      ##........   12%         2    ##.....
 Dazzling Spray           Conj/Hex       #.....       50%         3    ###....
 Song of Slaying          Chrm           ###.....     4%          2    ##.....
 Spectral Weapon          Hex/Chrm       ##......     22%         3    ###....


Dungeon Overview and Level Annotations

Branches:
Dungeon (4/15)
 Temple: D:4-7

Altars:
Elyvilon
Fedhas
Nemelex Xobeh


Innate Abilities, Weirdness & Mutations

Your experience applies equally to all skills.
You have very sharp teeth.
Your uncanny sense of smell can sniff out nearby items.


Message History

The orc wizard mumbles some strange words.
The orc wizard flickers and vanishes!
Deactivating autopickup; reactivate with Ctrl-A.
The orc closely misses you.
You miss something. Your bite misses something. You closely miss the orc.
Something hits you.
You hear some strange, mumbled words.
A magic dart appears from out of thin air!
The magic dart hits you!
You closely miss something. You hit the orc.
You kill the orc!
You hear some strange, mumbled words.
A puff of frost appears from out of thin air!
The puff of frost hits you!
* * * LOW HITPOINT WARNING * * *
You miss something. You closely miss the orc.
You hear some strange, mumbled words.
A magic dart appears from out of thin air!
The magic dart hits you!
You die...

#. ##.......## #..#..##.
.h.o###.........####........
.o[...'.........'........###
o.o.###.........####...#.# #
##.......## ##.##.#
##.....## ## .# ##.<.## ∆ ∆
###o####### #..{@.....#
#.#.#####.# ##.#.### #.#
#..[...###.# #..........#
#.#####.#....######.
#..<...##.#........
#.##################


You could see an orc.

Vanquished Creatures
  A hound (D:4)
  Jessica (D:2)
  4 gnolls (D:4)
  2 adders
  2 dart slugs (D:2)
  3 leopard geckos
  6 orcs
  A ball python (D:2)
  6 bats
  2 giant cockroaches (D:2)
  5 goblins
  4 hobgoblins
  2 jackals (D:2)
  2 kobolds
  A quokka (D:4)
  3 frilled lizards
  5 rats
50 creatures vanquished.

Notes
Turn   | Place    | Note
-------+----------+-------------------------------------------
     0 | D:1      | Blackhawk the Gnoll Skald began the quest for the Orb.
     0 | D:1      | Reached XP level 1. HP: 20/20 MP: 6/6
   305 | D:1      | Reached XP level 2. HP: 26/26 MP: 7/7
   660 | D:2      | Noticed Jessica
   674 | D:2      | Killed Jessica
   674 | D:2      | Reached skill level 5 in Spellcasting
   674 | D:2      | Reached skill level 1 in Invocations
   674 | D:2      | Reached XP level 3. HP: 28/31 MP: 7/9
  1046 | D:2      | Found a sparkling altar of Nemelex Xobeh.
  1106 | D:2      | Reached skill level 1 in Short Blades
  1106 | D:2      | Reached skill level 1 in Long Blades
  1106 | D:2      | Reached skill level 1 in Maces & Flails
  1106 | D:2      | Reached skill level 1 in Polearms
  1106 | D:2      | Reached skill level 1 in Staves
  1106 | D:2      | Reached skill level 1 in Slings
  1106 | D:2      | Reached skill level 1 in Bows
  1106 | D:2      | Reached skill level 1 in Crossbows
  1106 | D:2      | Reached skill level 1 in Throwing
  1106 | D:2      | Reached skill level 1 in Stealth
  1106 | D:2      | Reached skill level 1 in Shields
  1106 | D:2      | Reached skill level 1 in Unarmed Combat
  1106 | D:2      | Reached skill level 1 in Evocations
  1330 | D:2      | Reached XP level 4. HP: 30/38 MP: 11/11
  1421 | D:2      | Found a white marble altar of Elyvilon.
  1966 | D:3      | Found a blossoming altar of Fedhas.
  2584 | D:3      | Reached skill level 1 in Conjurations
  2584 | D:3      | Reached skill level 1 in Hexes
  2584 | D:3      | Reached skill level 1 in Summonings
  2584 | D:3      | Reached skill level 1 in Necromancy
  2584 | D:3      | Reached skill level 1 in Translocations
  2584 | D:3      | Reached skill level 1 in Transmutations
  2584 | D:3      | Reached skill level 1 in Fire Magic
  2584 | D:3      | Reached skill level 1 in Ice Magic
  2584 | D:3      | Reached skill level 1 in Air Magic
  2584 | D:3      | Reached skill level 1 in Earth Magic
  2584 | D:3      | Reached skill level 1 in Poison Magic
  2764 | D:4      | Reached XP level 5. HP: 29/43 MP: 12/12
  3111 | D:4      | Killed from afar by an orc wizard

Skill      XL: |  1  2  3  4  5 |
---------------+----------------+-----
Spellcasting   | 5 |  5.2
Invocations    | 1 |  1.7
Short Blades   | 1 |  1.5
Long Blades    | 1 |  1.5
Maces & Flails | 1 |  1.5
Polearms       | 1 |  1.5
Staves         | 1 |  1.5
Slings         | 1 |  1.5
Bows           | 1 |  1.5
Crossbows      | 1 |  1.5
Throwing       | 1 |  1.5
Stealth        | 1 |  1.5
Shields        | 1 |  1.5
Unarmed Combat | 1 |  1.5
Evocations     | 1 |  1.5
Conjurations   | 1 |  1.2
Hexes          | 1 |  1.2
Summonings     | 1 |  1.2
Necromancy     | 1 |  1.2
Translocations | 1 |  1.2
Transmutations | 1 |  1.2
Fire Magic     | 1 |  1.2
Ice Magic      | 1 |  1.2
Air Magic      | 1 |  1.2
Earth Magic    | 1 |  1.2
Poison Magic   | 1 |  1.2
Armour         | 3 |  3.0
Fighting       | |  4.8
Axes           | |  4.8
Dodging        | |  4.8
Charms         | |  5.5

Action                   |  1- 3 |  4- 6 || total
-------------------------+-------+-------++-------
Melee: Hand axe          |    92 |   128 ||   220
       Bite              |    10 |    15 ||    25
       Punch             |       |     1 ||     1
 Stab: Sleeping          |     2 |     3 ||     5
  Eat: Chunk             |     1 |     5 ||     6
Armor: Leather armour    |    18 |     7 ||    25
       Ring mail         |       |    11 ||    11
Dodge: Dodged            |    74 |   103 ||   177
